| TOP OF THE 1ST |
|
Fresno Grizzlies batting - Pitching for Visalia Mets : RHP Randy Martz
|
|
Pitching: RHP Randy Martz
|
|
|
Batting: RHB Mike Jirschele
|
0-0: Swinging Strike 0-1: Ball 1-1: Ball 2-1: Foul Ball, location: 2F 2-2: Fly out, F8 (Flyball, 8LXD, EV 88.1 MPH)
|
|
Batting: LHB Roger Hill
|
0-0: Foul Ball, location: 2F 0-1: Ball 1-1: Called Strike 1-2: Ground out U3 (Groundball, 3L, EV 80.0 MPH)
|
|
Batting: RHB Chris Fernandez
|
0-0: Called Strike 0-1: Called Strike 0-2: Ball 1-2: Ball 2-2: Fly out, F3 (Line Drive, 3, EV 59.4 MPH)
|
| Top of the 1st over - 0 runs, 0 hits, 0 errors, 0 left on base; Fresno 0 - Visalia 0 |
| BOTTOM OF THE 1ST |
|
Visalia Mets batting - Pitching for Fresno Grizzlies : LHP Zane Smith
|
|
Pitching: LHP Zane Smith
|
|
|
Batting: RHB Danny Ainge
|
0-0: Ball 1-0: Ground out 6-3 (Groundball, 6, EV 105.0 MPH)
|
|
Batting: RHB Ed Sedar
|
0-0: Foul Ball, location: 2F 0-1: Ball 1-1: DOUBLE (Groundball, 5L, EV 93.8 MPH)
|
|
Batting: LHB Huey Gayden
|
0-0: Ball 1-0: Ground out 4-3 (Groundball, 4, EV 99.4 MPH) Ed Sedar to third
|
|
Batting: LHB Pete Dalena
|
0-0: Called Strike 0-1: Foul Ball, location: 2F 0-2: Ball 1-2: Ball 2-2: Ground out U3 (Groundball, 13, EV 88.1 MPH)
|
| Bottom of the 1st over - 0 runs, 1 hit, 0 errors, 1 left on base; Fresno 0 - Visalia 0 |
| TOP OF THE 2ND |
|
Fresno Grizzlies batting - Pitching for Visalia Mets : RHP Randy Martz
|
|
Batting: LHB Ron Oddo
|
0-0: Ball 1-0: Foul Ball, location: 2F 1-1: Ball 2-1: SINGLE (Groundball, 4MD, EV 102.5 MPH)
|
|
Batting: RHB Tom Johnson
|
0-0: Foul Ball, location: 2F 0-1: Ball 1-1: Fly out, F7 (Line Drive, 7, EV 90.6 MPH)
|
|
Batting: RHB Mike King
|
0-0: Called Strike 0-1: Called Strike 0-2: DOUBLE (Line Drive, 7LD, EV 106.9 MPH) Ron Oddo to third Runner from 3rd tries for Home, SAFE, throw by LF to trailing runner, OUT at third! 7-6-5
|
|
Batting: RHB Ivan Mesa
|
0-0: Called Strike 0-1: Fly out, F7 (Flyball, 7D, EV 102.5 MPH)
|
| Top of the 2nd over - 1 run, 2 hits, 0 errors, 0 left on base; Fresno 1 - Visalia 0 |
| BOTTOM OF THE 2ND |
|
Visalia Mets batting - Pitching for Fresno Grizzlies : LHP Zane Smith
|
|
Batting: RHB Mitchell Ashmore
|
0-0: Foul Ball, location: 2F 0-1: Ball 1-1: Ball 2-1: Foul Ball, location: 2F 2-2: Ball 3-2: Base on Balls
|
|
Batting: RHB Gabriel de la Sancha
|
0-0: Called Strike 0-1: Ball 1-1: Called Strike 1-2: SINGLE (Groundball, 6S, EV 70.6 MPH) (infield hit) Mitchell Ashmore to second
|
|
Batting: RHB Lloyd Bessard
|
0-0: DOUBLE (Flyball, 3D, EV 85.0 MPH) Mitchell Ashmore scores Gabriel de la Sancha to third
|
|
Batting: RHB Eddie Dennis
|
0-0: Ground out 2-3 (Groundball, 13S, EV 68.1 MPH)
|
|
Batting: SHB Daniel Robie
|
0-0: SINGLE (Groundball, 34D, EV 102.5 MPH) Gabriel de la Sancha scores Lloyd Bessard to third Runner from 3rd tries for Home, SAFE, throw by RF to home Daniel Robie to second
|
|
Batting: RHB Danny Ainge
|
0-0: Ball 1-0: Ball 2-0: Called Strike 2-1: Swinging Strike 2-2: Ball 3-2: SINGLE (Groundball, 56D, EV 99.4 MPH) Daniel Robie to third Runner from 3rd tries for Home, SAFE, throw by LF to home
|
|
Batting: RHB Ed Sedar
|
0-0: Foul Ball, location: 2F 0-1: Ball 1-1: Called Strike 1-2: Strikes out swinging
|
|
Batting: LHB Huey Gayden
|
0-0: Called Strike 0-1: Ground out 6-3 (Groundball, 6M, EV 107.5 MPH)
|
| Bottom of the 2nd over - 4 runs, 4 hits, 0 errors, 1 left on base; Fresno 1 - Visalia 4 |
| TOP OF THE 3RD |
|
Fresno Grizzlies batting - Pitching for Visalia Mets : RHP Randy Martz
|
|
Batting: LHB Russ Aldrich
|
0-0: Ball 1-0: Ground out 4-3 (Groundball, 4, EV 82.5 MPH)
|
|
Batting: RHB Emilio Carrasquel
|
0-0: Called Strike 0-1: Ball 1-1: Ball 2-1: Ball 3-1: Ground out 4-3 (Groundball, 4, EV 89.4 MPH)
|
|
Batting: RHB Mike Jirschele
|
0-0: Swinging Strike 0-1: Ball 1-1: Ball 2-1: Ball 3-1: Base on Balls
|
|
Batting: LHB Roger Hill
|
0-0: Ball 1-0: Ground out U3 (Groundball, 3, EV 99.4 MPH)
|
| Top of the 3rd over - 0 runs, 0 hits, 0 errors, 1 left on base; Fresno 1 - Visalia 4 |
| BOTTOM OF THE 3RD |
|
Visalia Mets batting - Pitching for Fresno Grizzlies : LHP Zane Smith
|
|
Batting: LHB Pete Dalena
|
0-0: SOLO HOME RUN (Flyball, 89XD, EV 110.6 MPH), Distance : 424 ft
|
|
Batting: RHB Mitchell Ashmore
|
0-0: Ball 1-0: Ball 2-0: Ball 3-0: Base on Balls
|
|
Batting: RHB Gabriel de la Sancha
|
0-0: SINGLE (Line Drive, 8RS, EV 107.5 MPH) Mitchell Ashmore to second
|
|
Batting: RHB Lloyd Bessard
|
0-0: Called Strike 0-1: Swinging Strike 0-2: Strikes out swinging
|
|
Batting: RHB Eddie Dennis
|
0-0: TRIPLE (Flyball, 89XD, EV 105.0 MPH) Mitchell Ashmore scores Gabriel de la Sancha scores
|
|
Pitching: RHP James Coffman
|
|
|
Batting: SHB Daniel Robie
|
0-0: Called Strike 0-1: Swinging Strike 0-2: Ball 1-2: Strikes out swinging
|
|
Batting: RHB Danny Ainge
|
0-0: Ball 1-0: Ground out 4-3 (Groundball, 4S, EV 93.8 MPH)
|
| Bottom of the 3rd over - 3 runs, 3 hits, 0 errors, 1 left on base; Fresno 1 - Visalia 7 |
| TOP OF THE 4TH |
|
Fresno Grizzlies batting - Pitching for Visalia Mets : RHP Randy Martz
|
|
Batting: RHB Chris Fernandez
|
0-0: Fly out, F9 (Flyball, 89M, EV 90.0 MPH)
|
|
Batting: LHB Ron Oddo
|
0-0: Ball 1-0: Swinging Strike 1-1: Ball 2-1: Swinging Strike 2-2: Foul Ball, location: 2F 2-2: Ground out 4-3 (Groundball, 4M, EV 85.0 MPH)
|
|
Batting: RHB Tom Johnson
|
0-0: Ball 1-0: Ball 2-0: Called Strike 2-1: Ground out 6-3 (Groundball, 6, EV 97.5 MPH)
|
| Top of the 4th over - 0 runs, 0 hits, 0 errors, 0 left on base; Fresno 1 - Visalia 7 |
| BOTTOM OF THE 4TH |
|
Visalia Mets batting - Pitching for Fresno Grizzlies : RHP James Coffman
|
|
Batting: RHB Ed Sedar
|
0-0: Called Strike 0-1: Ball 1-1: Swinging Strike 1-2: Strikes out swinging
|
|
Batting: LHB Huey Gayden
|
0-0: Ball 1-0: Ball 2-0: Called Strike 2-1: Swinging Strike 2-2: Ball 3-2: Foul Ball, location: 2F 3-2: Base on Balls
|
|
Batting: LHB Pete Dalena
|
0-0: Fly out, F9 (Flyball, 9S, EV 91.9 MPH)
|
|
Batting: RHB Mitchell Ashmore
|
0-0: Called Strike 0-1: Called Strike 0-2: Strikes out swinging
|
| Bottom of the 4th over - 0 runs, 0 hits, 0 errors, 1 left on base; Fresno 1 - Visalia 7 |
| TOP OF THE 5TH |
|
Fresno Grizzlies batting - Pitching for Visalia Mets : RHP Randy Martz
|
|
Batting: LHB Jose Rivera
|
0-0: Called Strike 0-1: Fly out, F9 (Flyball, 9S, EV 84.4 MPH)
|
|
Batting: RHB Ivan Mesa
|
0-0: Ground out 4-3 (Groundball, 4, EV 86.9 MPH)
|
|
Batting: LHB Russ Aldrich
|
0-0: Ball 1-0: Ball 2-0: Foul Ball, location: 2F 2-1: Ball 3-1: Swinging Strike 3-2: Strikes out swinging
|
| Top of the 5th over - 0 runs, 0 hits, 0 errors, 0 left on base; Fresno 1 - Visalia 7 |
| BOTTOM OF THE 5TH |
|
Visalia Mets batting - Pitching for Fresno Grizzlies : RHP James Coffman
|
|
Batting: RHB Gabriel de la Sancha
|
0-0: Ball 1-0: Called Strike 1-1: Ball 2-1: Ball 3-1: Base on Balls
|
|
Batting: RHB Lloyd Bessard
|
0-0: Ball 1-0: Grounds into double play, 4-6-3 (Groundball, 4, EV 85.0 MPH)
|
|
Batting: RHB Eddie Dennis
|
0-0: Ball 1-0: Fly out, F8 (Flyball, 89M, EV 96.9 MPH)
|
| Bottom of the 5th over - 0 runs, 0 hits, 0 errors, 0 left on base; Fresno 1 - Visalia 7 |
| TOP OF THE 6TH |
|
Fresno Grizzlies batting - Pitching for Visalia Mets : RHP Randy Martz
|
|
Batting: RHB Emilio Carrasquel
|
0-0: Called Strike 0-1: Ground out 6-3 (Groundball, 6M, EV 95.6 MPH)
|
|
Batting: RHB Mike Jirschele
|
0-0: Ball 1-0: Called Strike 1-1: Ball 2-1: Ball 3-1: Fly out, F8 (Flyball, 8RM, EV 86.9 MPH)
|
|
Batting: LHB Roger Hill
|
0-0: SINGLE (Groundball, 34D, EV 109.4 MPH)
|
|
Batting: RHB Chris Fernandez
|
0-0: Ground out 2-3 (Groundball, 15S, EV 66.3 MPH)
|
| Top of the 6th over - 0 runs, 1 hit, 0 errors, 1 left on base; Fresno 1 - Visalia 7 |
| BOTTOM OF THE 6TH |
|
Visalia Mets batting - Pitching for Fresno Grizzlies : RHP James Coffman
|
|
Batting: SHB Daniel Robie
|
0-0: Ball 1-0: DOUBLE (Line Drive, 7LM, EV 93.1 MPH)
|
|
Batting: RHB Danny Ainge
|
0-0: Called Strike 0-1: Called Strike 0-2: Strikes out swinging
|
|
Pitching: RHP Larry Wright
|
|
|
Batting: RHB Ed Sedar
|
0-0: Ball 1-0: Ball 2-0: Called Strike 2-1: Ball 3-1: Fly out, F4 (Popup, 4M, EV 52.5 MPH)
|
|
Batting: LHB Huey Gayden
|
0-0: Ground out U3 (Groundball, 3L, EV 83.1 MPH)
|
| Bottom of the 6th over - 0 runs, 1 hit, 0 errors, 1 left on base; Fresno 1 - Visalia 7 |
| TOP OF THE 7TH |
|
Fresno Grizzlies batting - Pitching for Visalia Mets : RHP Randy Martz
|
|
Batting: LHB Ron Oddo
|
0-0: Ball 1-0: Fly out, F6 (Popup, 6, EV 75.6 MPH)
|
|
Batting: RHB Tom Johnson
|
0-0: Ball 1-0: Ball 2-0: Called Strike 2-1: SINGLE (Groundball, 25, EV 74.4 MPH) (infield hit)
|
|
Batting: LHB Jose Rivera
|
0-0: Ball 1-0: Ball 2-0: Fielders Choice at 2nd, 3-6 (Groundball, 3, EV 90.0 MPH)
|
|
Batting: RHB Ivan Mesa
|
0-0: Ball Wild Pitch! Jose Rivera to second 1-0: Ball 2-0: Foul Ball, location: 2F 2-1: Swinging Strike 2-2: Ball 3-2: Ground out 5-3 (Groundball, 56S, EV 76.3 MPH)
|
| Top of the 7th over - 0 runs, 1 hit, 0 errors, 1 left on base; Fresno 1 - Visalia 7 |
| BOTTOM OF THE 7TH |
|
Visalia Mets batting - Pitching for Fresno Grizzlies : RHP Larry Wright
|
|
Batting: LHB Pete Dalena
|
0-0: Ball 1-0: Ball 2-0: Fly out, F8 (Flyball, 78M, EV 88.8 MPH)
|
|
Batting: RHB Mitchell Ashmore
|
0-0: Called Strike 0-1: Called Strike 0-2: Ball 1-2: Strikes out looking
|
|
Batting: RHB Gabriel de la Sancha
|
0-0: Ball 1-0: Called Strike 1-1: DOUBLE (Line Drive, 89D, EV 106.3 MPH)
|
|
Batting: RHB Lloyd Bessard
|
0-0: Ball 1-0: Foul Ball, location: 2F 1-1: Ball 2-1: Ball 3-1: Base on Balls
|
|
Batting: RHB Eddie Dennis
|
0-0: SINGLE (Groundball, 34S, EV 68.8 MPH) (infield hit) Gabriel de la Sancha to third Lloyd Bessard to second
|
|
Batting: SHB Daniel Robie
|
0-0: Ball 1-0: Ball 2-0: Fly out, F6 (Flyball, 56D, EV 75.0 MPH)
|
| Bottom of the 7th over - 0 runs, 2 hits, 0 errors, 3 left on base; Fresno 1 - Visalia 7 |
| TOP OF THE 8TH |
|
Fresno Grizzlies batting - Pitching for Visalia Mets : RHP Randy Martz
|
|
Batting: LHB Russ Aldrich
|
0-0: Ball 1-0: Ground out 5-3 (Groundball, 5, EV 101.3 MPH)
|
|
Batting: RHB Emilio Carrasquel
|
0-0: Ball 1-0: Reached on error, E6 (Groundball, 6, EV 89.4 MPH)
|
|
Batting: RHB Mike Jirschele
|
0-0: Ball 1-0: Foul Ball, location: 2F 1-1: Ground out 6-3 (Groundball, 6, EV 76.3 MPH)
|
|
Batting: LHB Roger Hill
|
0-0: Fly out, F8 (Flyball, 89XD, EV 101.3 MPH)
|
| Top of the 8th over - 0 runs, 0 hits, 1 error, 1 left on base; Fresno 1 - Visalia 7 |
| BOTTOM OF THE 8TH |
|
Visalia Mets batting - Pitching for Fresno Grizzlies : RHP Larry Wright
|
|
Batting: RHB Danny Ainge
|
0-0: Ball 1-0: Ground out 4-3 (Groundball, 4, EV 96.3 MPH)
|
|
Batting: RHB Ed Sedar
|
0-0: Called Strike 0-1: Fly out, F4 (Line Drive, 4, EV 75.0 MPH)
|
|
Batting: LHB Huey Gayden
|
0-0: Ball 1-0: Ground out 4-3 (Groundball, 4, EV 89.4 MPH)
|
| Bottom of the 8th over - 0 runs, 0 hits, 0 errors, 0 left on base; Fresno 1 - Visalia 7 |
| TOP OF THE 9TH |
|
Fresno Grizzlies batting - Pitching for Visalia Mets : RHP Randy Martz
|
|
Batting: RHB Chris Fernandez
|
0-0: Foul Ball, location: 2F 0-1: Ball 1-1: Ball 2-1: SINGLE (Groundball, 6MS, EV 68.1 MPH) (infield hit)
|
|
Batting: LHB Ron Oddo
|
0-0: Called Strike 0-1: Ball 1-1: Swinging Strike 1-2: Ball 2-2: Grounds into double play, 5-4-3 (Groundball, 56S, EV 87.5 MPH)
|
|
Batting: RHB Tom Johnson
|
0-0: DOUBLE (Line Drive, 8LXD, EV 105.6 MPH)
|
|
Batting: LHB Jose Rivera
|
0-0: Ground out 5-3 (Groundball, 56S, EV 86.9 MPH)
|
| Top of the 9th over - 0 runs, 2 hits, 0 errors, 1 left on base; Fresno 1 - Visalia 7 |
|